 Dungeon Crawl Stone Soup version 0.29.0-5-ge4962eb29e (webtiles) character file.

Game seed: 3663590662255787271

7338 jt the Brawler (level 10, -1/88 HPs)
             Began as a Troll Cinder Acolyte on Aug 29, 2022.
             Was an Elder of Ignis.
             Killed by nerve-wracking pain
             ... invoked by an orc priest
              (14 damage)
             ... on level 1 of the Orcish Mines.
             The game lasted 00:20:49 (6542 turns).

jt the Brawler (Troll Cinder Acolyte)               Turns: 6542, Time: 00:20:53

Health: -1/88      AC: 18    Str: 28 (30) XL:     10   Next: 91%
Magic:  10/10      EV:  9    Int:  9 (10) God:    Ignis [****..]
Gold:   426        SH:  0    Dex: 11 (13) Spells: 11/11 levels left

rFire   + . .      SeeInvis .     - Unarmed
rCold   + . .      Faith    .   (no shield)
rNeg    . . .      Spirit   .   J - +0 steam dragon scales
rPois   +          Reflect  .   (helmet restricted)
rElec   +          Harm     .   (no cloak)
rCorr   .          Rampage  .   (gloves unavailable)
Will    .....                   (boots unavailable)
Stlth   +.........              (no amulet)
HPRegen 1.04/turn               w - +4 ring of protection
MPRegen 0.12/turn               r - ring of Aprutan {*Slow rElec rPois rC+ Str+4 Dex+6}

@: fiery-armoured
A: large, unfitting armour, claws 3, regeneration 1, shaggy fur 1, tough skin 1,
horns 1
a: Renounce Religion, Fiery Armour, Foxfire Swarm


You were on level 1 of the Orcish Mines.
You worshipped Ignis.
Ignis was greatly pleased with you.
You visited 3 branches of the dungeon, and saw 11 of its levels.

You collected 516 gold pieces.
You spent 90 gold pieces at shops.

Inventory:

Hand Weapons
 j - a +0 demon whip of venom
 q - a +0 spear
 A - a +0 trident
 D - a +0 shortbow
 H - the +4 rapier of Feral Honour {vorpal, rC+}
   (You found it on level 6 of the Dungeon)

   It inflicts extra damage upon your enemies.
   rC:        It protects you from cold.
 M - a +0 vorpal arbalest
 S - a +2 mace of freezing
 T - a +1 flail of draining
 W - a +1 morningstar of holy wrath
 X - a +0 glaive of venom
Missiles
 c - 106 stones (quivered)
 f - 46 poisoned darts
 K - 2 throwing nets
 Q - 6 boomerangs
Armour
 a - a +1 robe
 v - a +0 troll leather armour
 J - +0 steam dragon scales (worn)
Jewellery
 m - a +6 ring of dexterity
 r - the ring of Aprutan (right claw) {*Slow rElec rPois rC+ Str+4 Dex+6}
   (You found it on level 2 of the Dungeon)

   [ring of dexterity]

   Str:       It affects your strength (+4).
   Dex:       It affects your dexterity (+6).
   rC:        It protects you from cold.
   rElec:     It insulates you from electricity.
   rPois:     It protects you from poison.
   *Slow:     It may slow you when you take damage.
 w - a +4 ring of protection (left claw)
 F - a ring of see invisible
 O - a ring of fire
Wands
 t - a wand of roots (3)
 I - a wand of flame (27)
 R - a wand of acid (5)
Scrolls
 b - 2 scrolls of enchant armour
 e - a scroll of summoning
 h - 4 scrolls of blinking
 i - a scroll of silence
 l - 3 scrolls of teleportation
 p - a scroll of fear
 s - a scroll of amnesia
 y - a scroll of vulnerability
 B - a scroll of immolation
 G - a scroll of torment
Potions
 g - 3 potions of flight
 k - 3 potions of brilliance
 n - 2 potions of mutation
 o - a potion of berserk rage
 u - a potion of cancellation
 z - a potion of degeneration
 C - a potion of attraction
 E - 5 potions of curing
 N - a potion of invisibility {unknown}
 P - a potion of resistance {unknown}
 V - a potion of lignification {unknown}
Miscellaneous
 U - a lightning rod (inert)


   Skills:
 - Level 2.5 Fighting
 - Level 4.0 Armour
 + Level 15.7 Unarmed Combat
 - Level 1.1 Spellcasting
 - Level 2.3 Fire Magic
 - Level 2.0 Evocations


You had 11 spell levels left.
You didn't know any spells.
Your spell library contained the following spells:

 Spells                   Type           Power      Damage    Failure   Level
 Scorch                   Fire           8%         2d5       22%         2
 Summon Small Mammal      Summ           0%         N/A       36%         1
 Ignite Poison            Fire/Tmut/Pois 1%         N/A       63%         3
 Call Canine Familiar     Summ           0%         N/A       73%         3
 Mephitic Cloud           Conj/Pois/Air  0%         N/A       73%         3
 Ozocubu's Armour         Ice            0%         N/A       73%         3
 Summon Guardian Golem    Hex/Summ       0%         N/A       73%         3
 Tukima's Dance           Hex            0%         N/A       73%         3
 Animate Dead             Necr           0%         N/A       98%         4
 Passage of Golubria      Tloc           0%         N/A       98%         4
 Summon Lightning Spire   Summ/Air       0%         N/A       98%         4
 Borgnjor's Vile Clutch   Necr/Erth      0%         N/A       100%        5
 Freezing Cloud           Conj/Ice/Air   0%         6-21      100%        5
 Metabolic Englaciation   Hex/Ice        0%         N/A       100%        5
 Yara's Violent Unravell  Hex/Tmut       0%         3d3       100%        5
 Death Channel            Necr           0%         N/A       100%        6
 Simulacrum               Ice/Necr       0%         N/A       100%        6
 Storm Form               Tmut/Air       0%         N/A       100%        7
 Maxwell's Capacitive Co  Air            0%         ∞         100%        8


Dungeon Overview and Level Annotations

Branches:
Dungeon (9/15)             Temple (1/1) D:7            Lair (0/5) D:9
    Orc (1/2) D:9

Altars:
Ashenzari
Cheibriados
Dithmenos
Elyvilon
Fedhas
Hepliaklqana
Kikubaaqudgha
Makhleb
Nemelex Xobeh
Okawaru
Qazlal
Ru
Trog
Uskayaw
Vehumet
Wu Jian
Xom
Yredelemnul
Zin
The Shining One

Shops:
D:4 [


Innate Abilities, Weirdness & Mutations

You are too large for most types of armour.
You have claws for hands.
Your natural rate of healing is unusually fast.
You are covered in fur. (AC +1)
You have tough skin. (AC +1)
You have a pair of small horns on your head.


Message History

The orc warlord is attracted toward you.
Press: ? - help, v - describe, . - travel, g - get item
Here: an orc priest, wielding a +0 short sword and wearing a +0 leather armour (black smoke, inner flame, strong)
Items here: ( )) [ †.
The floor, spattered with blood.
It was a potion of degeneration.
There was something very wrong with that liquid.
You feel weakened.
You feel dopey.
You feel clumsy.
An orc comes into view. It is wielding a +0 trident.
The orc warlord closely misses you.
The orc priest hits you but does no damage.
The orc priest is burned by your cloak of flames.
Flame seeps out of the orc priest.
The orc priest is lightly wounded.
The orc is attracted toward you.
Your magical effects are unravelling.
You feel magically purged.
The orc is engulfed in blazing flames.
You kill the orc!
The orc warrior hits you from afar with a +0 trident!!
* * * LOW HITPOINT WARNING * * *
The orc warlord roars a battlecry!
The orc priest barely misses you.
You feel less attractive to monsters.
Press: ? - help, v - describe, . - travel, g - get item
Here: an orc priest, wielding a +0 short sword and wearing a +0 leather armour (black smoke, lightly wounded, inner flame, strong)
Items here: ( )) [ †.
The floor, spattered with blood.
Okay, then.
Okay, then.
Aiming: Corrosive Bolt
Press: ? - help, Shift-Dir - straight line, f - orc warlord
Aim: an orc warlord, wielding a +1 great sword of freezing and wearing a +0 plate armour (black smoke, lightly wounded, inner flame, 83% to hit)
The bolt of acid hits the orc warlord!
The acid corrodes the orc warlord!
Flame seeps out of the orc warlord.
The orc warlord is moderately wounded.
The bolt of acid misses the orc warrior.
The orc warrior hits you from afar with a +0 trident!
* * * LOW HITPOINT WARNING * * *
The orc priest invokes the aid of Beogh against you.
Pain shoots through your body!
You die...

## ##### #
##.##...##.##
#.......O....
.##............
.....§..).O....
$.>.§☼§o##
...o.§o§§##
....###@o§##
o.. ##§§.## .
#§§..# ##>.##
#...## ##...#
##<## ###


You could see an orc warlord (inner flame, corroded), an orc warrior (strong)
and an orc priest (inner flame, strong).

Vanquished Creatures
  Amaemon (D:9)
  An orange demon (D:9)
  A troll (D:9)
  A hornet (D:8)
  A shadow (D:6)
  4 yaks
  A steam dragon (D:7)
  An acid dragon (D:9)
  2 wargs (Orc:1)
  6 water moccasins
  5 orc warriors
  3 sky beasts
  2 ogres
  2 black bears
  3 centaurs
  5 bullfrogs
  4 kobold brigands
  A necrophage (D:6)
  A gnoll sergeant (D:7)
  4 scorpions
  13 wights
  7 crimson imps (D:8)
  9 orc priests
  3 hounds (D:5)
  2 jellies (D:6)
  2 iguanas (D:4)
  12 orc wizards
  6 gnolls
  5 adders
  A shadow imp (D:7)
  3 white imps
  2 ufetubi
  4 worms
  A dart slug (D:5)
  51 orcs
  7 ball pythons
  2 endoplasms
  3 giant cockroaches
  9 goblins
  4 hobgoblins
  8 jackals
  22 kobolds
  A quokka (D:5)
  6 bats
  A frilled lizard (D:2)
  5 rats (D:1)
238 creatures vanquished.

Vanquished Creatures (others)
  A kobold (D:8)
  40 fungi (D:9)
  36 plants (D:9)
77 creatures vanquished.

Grand Total: 315 creatures vanquished

Notes
Turn   | Place    | Note
-------+----------+-------------------------------------------
     0 | D:1      | jt the Troll Cinder Acolyte began the quest for the Orb.
     0 | D:1      | Reached XP level 1. HP: 22/22 MP: 1/1
    56 | D:1      | Reached XP level 2. HP: 29/29 MP: 2/2
   467 | D:1      | Reached XP level 3. HP: 36/36 MP: 3/3
   700 | D:2      | Reached skill level 4 in Unarmed Combat
   821 | D:2      | Reached XP level 4. HP: 44/44 MP: 4/4
   953 | D:2      | Identified the ring of Aprutan {*Slow rElec rPois rC+ Str+4
                  | Dex+6}
   986 | D:2      | Reached skill level 5 in Unarmed Combat
  1458 | D:3      | Found a white marble altar of Elyvilon.
  1505 | D:3      | Found a blossoming altar of Fedhas.
  1590 | D:3      | Reached XP level 5. HP: 11/50 MP: 5/5
  2276 | D:4      | Found an ornate altar of the Wu Jian Council.
  2310 | D:4      | Found Fytsuh's Antique Armour Shop.
  2328 | D:4      | Reached skill level 6 in Unarmed Combat
  2366 | D:4      | Reached XP level 6. HP: 59/59 MP: 6/6
  2584 | D:4      | Reached skill level 7 in Unarmed Combat
  2739 | D:5      | Entered Level 5 of the Dungeon
  3092 | D:5      | Reached skill level 8 in Unarmed Combat
  3092 | D:5      | Reached XP level 7. HP: 66/66 MP: 7/7
  3180 | D:5      | Gained mutation: You have a pair of small horns on your
                  | head. [potion of mutation]
  3450 | D:6      | Reached skill level 9 in Unarmed Combat
  3452 | D:6      | Found an iron altar of Okawaru.
  3533 | D:6      | Reached XP level 8. HP: 71/74 MP: 8/8
  3623 | D:6      | Reached skill level 10 in Unarmed Combat
  3631 | D:6      | Identified the +4 rapier of Feral Honour {vorpal, rC+}
  3739 | D:6      | Found a glowing golden altar of the Shining One.
  4005 | D:7      | Reached skill level 11 in Unarmed Combat
  4031 | D:7      | Found a bloodstained altar of Trog.
  4158 | D:7      | Reached skill level 1 in Armour
  4231 | D:7      | Found Zin's Purification Station.
  4231 | D:7      | Found a glowing silver altar of Zin.
  4247 | D:7      | Reached XP level 9. HP: 80/80 MP: 9/9
  4252 | D:7      | Bought a potion of curing for 90 gold pieces
  4326 | D:7      | Reached skill level 12 in Unarmed Combat
  4368 | D:7      | Found a sparkling altar of Nemelex Xobeh.
  4427 | D:7      | Found a staircase to the Ecumenical Temple.
  4436 | Temple   | Entered the Ecumenical Temple
  5233 | D:8      | Reached skill level 1 in Evocations
  5257 | D:8      | Reached skill level 13 in Unarmed Combat
  5261 | D:8      | Found a radiant altar of Vehumet.
  5619 | D:9      | Reached XP level 10. HP: 68/88 MP: 10/10
  5782 | D:9      | Noticed Amaemon
  5795 | D:9      | Noticed an orange demon
  5796 | D:9      | Killed Amaemon
  5797 | D:9      | Reached skill level 14 in Unarmed Combat
  5806 | D:9      | Killed an orange demon
  5875 | D:9      | Reached skill level 15 in Unarmed Combat
  5898 | D:9      | Found a staircase to the Lair.
  6200 | D:9      | Found a shadowy altar of Dithmenos.
  6511 | D:9      | Found a staircase to the Orcish Mines.
  6520 | Orc:1    | Entered Level 1 of the Orcish Mines
  6530 | Orc:1    | Noticed an orc warlord
  6542 | Orc:1    | Killed from afar by an orc priest

Illustrated notes

Levels and vault maps discovered:
D:1:      dpeg_arrival_shelter, layout_basic
D:2:      layout_basic
D:3:      layout_rooms, fedhas_ov_isle_minmay, elyvilon_altar_3,
          nicolae_hexahallways, minmay_misc_feat_plants
D:4:      layout_cave_pools, overflow_temple_1_default, serial_shops,
          kennysheep_little_box
D:5:      layout_loops_ring
D:6:      layout_rooms, mainiacjoe_overflow_six_doors_small,
          mainiacjoe_overflow_cross_hatched
D:7:      layout_cave_pools, nemelex_xobeh_ov_fountains_minmay,
          mainiacjoe_overflow_tiny_flanked, zin_purify,
          minmay_temple_entry_waves, small_statue_intersection
D:8:      layout_loops_cross, old_standard_altar, minmay_nine_imps
D:9:      layout_loops_ring, nicolae_gozag_cash_rules_everything_around_me,
          nicolae_dithmenos_shadow_blocks, due_lair_maze_entry_diamond,
          hiddenorc1_lemuel, uniq_amaemon
Temple:   compressed_dpeg_circular_temple
Orc:1:    layout_caves

Skill      XL: |  1  2  3  4  5  6  7  8  9 10 |
---------------+-------------------------------+-----
Unarmed Combat | 4 5 6 8 9 11 13 15 | 15.7
Armour         | 1 4 |  4.0
Evocations     | 2 |  2.0
Fighting       | |  2.5
Spellcasting   | |  1.1
Fire Magic     | |  2.3

Action                   |  1- 3 |  4- 6 |  7- 9 | 10-12 || total
-------------------------+-------+-------+-------+-------++-------
Melee: Unarmed           |    80 |   133 |   236 |    90 ||   539
       Punch             |       |     2 |     6 |     4 ||    12
       Headbutt          |       |       |    35 |    12 ||    47
Throw: Stone             |       |     2 |    13 |     1 ||    16
       Dart              |       |     8 |    13 |     9 ||    30
Invok: Fiery Armour      |       |       |     1 |     2 ||     3
       Rising Flame      |       |       |       |     1 ||     1
Evoke: Wand              |       |     1 |     3 |     5 ||     9
       Lightning rod     |       |       |       |     4 ||     4
  Use: Potion            |       |     1 |     4 |     4 ||     9
       Scroll            |       |     1 |       |    13 ||    14
 Stab: Sleeping          |       |     1 |       |       ||     1
Armor: Robe              |    24 |    36 |    45 |       ||   105
       Steam dragon scal |       |       |    55 |    64 ||   119
Dodge: Dodged            |    28 |    46 |   110 |    32 ||   216
